 Dungeon Crawl Stone Soup version 0.19.4 (webtiles) character file.

4668 Kiturien the Fighter (level 10, -1/141 HPs)
             Began as a Hill Orc Fighter on Jan 31, 2017.
             Was an Initiate of Qazlal.
             Slain by a killer bee (8 damage)
             ... on level 9 of the Dungeon on Feb 1, 2017.
             The game lasted 00:38:54 (7918 turns).

Kiturien the Fighter (Hill Orc Fighter)             Turns: 7918, Time: 00:38:55

Health: -1/141     AC: 25    Str: 23    XL:     10   Next: 44%
Magic:  10/10      EV:  2    Int:  8    God:    Qazlal [......]
Gold:   329        SH: 17    Dex: 10    Spells: 0 memorised, 9 levels left

rFire  + . .     SeeInvis .     a - +1 war axe
rCold  . . .     Gourm    .     (armour currently unavailable)
rNeg   + + +     Faith    .     j - +0 large shield
rPois  +         Spirit   .     (helmet currently unavailable)
rElec  .         Reflect  .     (cloak currently unavailable)
rCorr  .         Harm     .     (gloves currently unavailable)
MR     .....     NoTele   +     (boots currently unavailable)
Stlth  +.........               (no amulet)
                                D - ring of protection from fire
                                v - ring of positive energy

@: lethally poisoned (-1 -> -7), tree-form
A: no striking features
a: Renounce Religion


You were on level 9 of the Dungeon.
You worshipped Qazlal.
Qazlal was noncommittal.
You were not hungry.
You were a tree.
You visited 2 branches of the dungeon, and saw 10 of its levels.

You collected 329 gold pieces.

Inventory:

Hand Weapons
 a - a +1 war axe (weapon)
 M - a +1 whip of flaming
 P - a +0 mace of holy wrath
Armour
 c - a +0 shield
 j - a +0 large shield (worn)
 u - a +1 helmet (melded)
 x - a +0 chain mail (melded)
 L - a +1 pair of boots of flying (melded)
 Q - a +2 pair of boots
 S - a +2 cloak of poison resistance (melded)
 U - a +1 ring mail of fire resistance
Magical Staves
 R - an uncursed staff of poison {unknown}
Jewellery
 v - a ring of positive energy (left branch)
 D - a ring of protection from fire (right branch)
 O - an uncursed ring of ice
Wands
 l - a wand of paralysis (24/24)
 N - a wand of flame (19/48)
 V - a wand of lightning (8/15)
Scrolls
 e - 5 scrolls of remove curse
 i - 3 scrolls of recharging
 n - a scroll of amnesia {unknown}
 p - a scroll of random uselessness {unknown}
 q - a scroll of immolation {unknown}
 r - 2 scrolls of enchant weapon
 w - 4 scrolls of teleportation {unknown}
 y - a scroll of magic mapping {unknown}
 G - 3 scrolls of blinking {unknown}
 I - a scroll of enchant armour {unknown}
 W - a scroll of holy word {unknown}
Potions
 d - 2 potions of might
 g - a potion of curing {unknown}
 h - a potion of mutation {unknown}
 k - 2 potions of heal wounds
 m - 6 potions of haste
 o - a potion of invisibility {unknown}
 s - 3 potions of flight
 t - a potion of lignification
 z - a potion of agility {unknown}
 A - 2 potions of resistance
 B - a potion of magic {unknown}
 E - 2 potions of cancellation
 H - a potion of brilliance {unknown}
 K - a potion of ambrosia {unknown}
 T - 2 potions of cure mutation {unknown}
Books
 F - a book of Necromancy

   Spells                             Type                      Level
   a - Pain                           Necromancy                   1
   b - Animate Skeleton               Necromancy                   1
   c - Vampiric Draining              Necromancy                   3
   d - Regeneration                   Charms/Necromancy            3
   e - Animate Dead                   Necromancy                   4
   f - Control Undead                 Necromancy                   4
Comestibles
 b - 7 fruits
 f - 3 bread rations
 C - 3 meat rations


   Skills:
 + Level 10.5 Fighting
 + Level 10.4 Axes
 + Level 6.3 Armour
 + Level 1.9 Dodging
 + Level 9.4 Shields


You had 9 spell levels left.
You didn't know any spells.

Dungeon Overview and Level Annotations

Branches:
Dungeon (9/15)             Temple (1/1) D:4
   Lair: D:8-11         Orc: D:9-12

Altars:
Ashenzari
Cheibriados
Dithmenos
Elyvilon
Fedhas
Gozag
Hepliaklqana
Makhleb
Nemelex Xobeh
Okawaru
Qazlal
Ru
Sif Muna
Trog
Uskayaw
Vehumet
Xom
Yredelemnul
Zin
The Shining One


Message History

* * * LOW HITPOINT WARNING * * *
You are more poisoned.
The killer bee poisons you! The killer bee stings you.
* * * LOW HITPOINT WARNING * * *
You are more poisoned.
The killer bee poisons you!
The killer bee stings you but does no damage.
A crimson imp comes into view.
The crimson imp shouts!
You slash the queen bee!
The queen bee is heavily wounded.
You miss the killer bee. x2; You slash the killer bee!
You hit the killer bee. You miss the killer bee.
You completely miss the killer bee.
You feel sick. You block the killer bee's attack. The killer bee stings you!
* * * LOW HITPOINT WARNING * * *
The killer bee stings you but does no damage.
The killer bee stings you!
* * * LOW HITPOINT WARNING * * *
You block the killer bee's attack. The killer bee stings you!
You die...

##............#
#............# %#
##...........# #.#
#...........# #5#
#...........#
#y##...........#
#y.yy.........#
###Oyyy........#
###..yy♣y........#
......yy.........#
######...........#
#...........#
#...........#
#...........#
#...........#
#############


You could see a queen bee, an ogre, 11 killer bees and a crimson imp.

Vanquished Creatures
  Pikel (D:6)
  Joseph (D:8)
  A troll (D:9)
  Prince Ribbit (D:7)
  The ghost of MirrMurr the Magician, a novice FeWz of Vehumet (D:6)
  Duvessa (D:7)
  A water moccasin (D:8)
  2 ice beasts
  2 orc warriors (D:7)
  A black bear (D:8)
  A sky beast (D:9)
  2 slaves (D:6)
  2 centaurs
  3 ogres
  5 bullfrogs
  A wyvern zombie (D:7)
  A gnoll sergeant (D:7)
  A scorpion (D:6)
  Dowan (D:7)
  6 killer bees
  2 crimson imps
  A centaur zombie (D:5)
  4 hounds
  2 jellies
  Crazy Yiuf (D:7)
  9 orc priests
  5 worker ants
  A centaur skeleton (D:3)
  4 iguanas
  9 orc wizards
  A killer bee zombie (D:9)
  3 hound skeletons
  Robin (D:2)
  5 adders
  5 gnolls (D:7)
  2 shadow imps
  2 adder zombies (D:8)
  An adder skeleton (D:4)
  2 worms
  2 dart slugs
  4 leopard geckos
  40 orcs
  6 bats
  2 giant cockroaches
  2 gnoll zombies (D:2)
  19 goblins
  9 hobgoblins
  12 jackals
  7 kobolds
  A quokka (D:5)
  5 frilled lizards
  A giant cockroach zombie (D:5)
  A jackal skeleton (D:5)
  A quokka skeleton (D:4)
  A quokka zombie (D:7)
  13 rats
  2 fungi (D:7)
223 creatures vanquished.

Vanquished Creatures (others)
  2 slaves (D:6)
2 creatures vanquished.

Grand Total: 225 creatures vanquished

Notes
Turn   | Place    | Note
-------+----------+-------------------------------------------
     0 | D:1      | Kiturien the Hill Orc Fighter began the quest for the Orb.
     0 | D:1      | Reached XP level 1. HP: 19/19 MP: 1/1
    83 | D:1      | Reached XP level 2. HP: 16/27 MP: 2/2
   806 | D:2      | Reached XP level 3. HP: 31/33 MP: 3/3
  1369 | D:2      | Found a basalt altar of Yredelemnul.
  1716 | D:2      | Noticed Robin
  1727 | D:2      | Reached XP level 4. HP: 27/40 MP: 4/4
  1767 | D:2      | Killed Robin
  2101 | D:3      | Reached XP level 5. HP: 30/46 MP: 5/5
  2288 | D:3      | Found a blossoming altar of Fedhas.
  2429 | D:3      | Reached skill level 5 in Shields
  2531 | D:3      | Found a faded altar of an unknown god.
  2588 | D:3      | Reached XP level 6. HP: 33/52 MP: 6/6
  2911 | D:4      | Found a staircase to the Ecumenical Temple.
  2929 | Temple   | Entered the Ecumenical Temple
  3172 | D:4      | Reached skill level 5 in Axes
  3807 | D:5      | Entered Level 5 of the Dungeon
  4009 | D:5      | Found a shadowy altar of Dithmenos.
  4184 | D:5      | Reached XP level 7. HP: 60/60 MP: 7/7
  4526 | D:6      | Reached skill level 1 in Dodging
  4776 | D:6      | Reached XP level 8. HP: 67/67 MP: 8/8
  4879 | D:6      | Reached skill level 5 in Fighting
  4989 | D:6      | Noticed MirrMurr's ghost (novice FeWz)
  4993 | D:6      | Noticed Pikel
  5009 | D:6      | Killed MirrMurr's ghost
  5046 | D:6      | Reached skill level 5 in Armour
  5050 | D:6      | Killed Pikel
  5336 | D:6      | Reached XP level 9. HP: 45/74 MP: 9/9
  5885 | D:7      | Got a brightly glowing shortbow
  5907 | D:7      | Identified the +3 shortbow of Cach {velocity, rN+} (You found it on level 7 of the Dungeon)
  6320 | D:7      | Noticed Dowan
  6336 | D:7      | Killed Dowan
  6343 | D:7      | Noticed Prince Ribbit
  6344 | D:7      | Noticed Duvessa
  6360 | D:7      | Killed Duvessa
  6392 | D:7      | Killed Prince Ribbit
  6399 | D:7      | Found a runed door.
  6403 | D:7      | Noticed Crazy Yiuf
  6411 | D:7      | Killed Crazy Yiuf
  6411 | D:7      | Reached skill level 10 in Fighting
  6771 | D:8      | Noticed Joseph
  6792 | D:8      | Killed Joseph
  6879 | D:8      | Reached XP level 10. HP: 75/93 MP: 10/10
  7250 | D:8      | Reached skill level 10 in Axes
  7630 | D:8      | Found a faded altar of an unknown god.
  7630 | D:8      | Found a stormy altar of Qazlal.
  7638 | D:8      | Found a faded altar of an unknown god.
  7641 | D:8      | Became a worshipper of Qazlal Stormbringer
  7646 | D:8      | Found a faded altar of an unknown god.
  7648 | D:8      | Found a faded altar of an unknown god.
  7918 | D:9      | HP: 7/141 [killer bee (9)]
  7918 | D:9      | Slain by a killer bee

Skill      XL: |  1  2  3  4  5  6  7  8  9 10 |
---------------+-------------------------------+-----
Axes           | 3 4 5 7 8 9 10 | 10.4
Fighting       | 4 5 10 | 10.5
Shields        | 4 5 6 8 9 |  9.4
Armour         | 4 5 6 |  6.3
Dodging        | 1 |  1.9

Action                   |  1- 3 |  4- 6 |  7- 9 | 10-12 || total
-------------------------+-------+-------+-------+-------++-------
Melee: War axe           |   139 |   231 |   351 |   118 ||   839
  Use: Scroll            |       |     3 |     6 |     2 ||    11
       Potion            |       |       |       |     1 ||     1
  Eat: Fruit             |     3 |     7 |       |       ||    10
       Beef jerky        |       |     2 |     3 |       ||     5
       Chunk             |       |       |     1 |       ||     1
       Pizza             |       |       |     2 |       ||     2
       Bread ration      |       |       |       |     1 ||     1
       Royal jelly       |       |       |       |     1 ||     1
Armor: Scale mail        |    80 |    12 |       |       ||    92
       Chain mail        |       |   121 |   141 |    70 ||   332
       Skin              |       |       |       |    30 ||    30
Dodge: Dodged            |    32 |    24 |    46 |    36 ||   138
Block: Shield            |    24 |       |       |       ||    24
       Large shield      |    78 |   195 |   284 |   168 ||   725
